 Dungeon Crawl Stone Soup version 0.23.1 (webtiles) character file.

Game seed: 12895680911273762252

43 KamiKatze the Conjurer (level 3, -2/20 HPs)
             Began as a Deep Elf Conjurer on Mar 1, 2019.
             Shot with an arrow by a centaur (10 damage)
             ... on level 2 of the Dungeon.
             The game lasted 00:02:27 (528 turns).

KamiKatze the Conjurer (Deep Elf Conjurer)           Turns: 528, Time: 00:02:28

Health: -2/20      AC:  2    Str:  5    XL:     3   Next: 37%
Magic:  0/10       EV: 13    Int: 20    God:
Gold:   99         SH:  0    Dex: 15    Spells: 3/9 levels left

rFire    . . .     SeeInvis .   e - +0 dagger
rCold    . . .     Gourm    .   (no shield)
rNeg     . . .     Faith    .   a - +0 robe
rPois    .         Spirit   .   (no helmet)
rElec    .         Reflect  .   (no cloak)
rCorr    .         Harm     .   (no gloves)
MR       .....                  (no boots)
Stlth    ++........             (no amulet)
HPRegen  0.06/turn              (no ring)
MPRegen  0.12/turn              (no ring)

@: no status effects
A: no striking features
a: no special abilities


You were on level 2 of the Dungeon.
You were not hungry.

You visited 1 branch of the dungeon, and saw 2 of its levels.

You collected 99 gold pieces.

Inventory:

Hand Weapons
 e - a +0 dagger (weapon)
Armour
 a - a +0 robe (worn)
Scrolls
 d - a scroll of amnesia {unknown}
 f - a scroll of enchant armour {unknown}
 h - 2 scrolls of fear {unknown}
 j - a scroll of remove curse {unknown}
Potions
 g - a potion of degeneration {unknown}
 i - a potion of curing {unknown}
Comestibles
 b - 5 chunks of flesh
 c - a ration


   Skills:
 + Level 1.1 Fighting
 - Level 2.4 Dodging
 - Level 2.4 Stealth
 + Level 3.6 Spellcasting
 * Level 5.1 Conjurations
 + Level 0.0 Hexes


You had 3 spell levels left.
You knew the following spells:

 Your Spells              Type           Power        Failure   Level  Hunger
a - Magic Dart            Conj           ###.         1%          1    None
b - Searing Ray           Conj           ###...       2%          2    ##.....
c - Dazzling Spray        Conj/Hex       ##....       14%         3    ###....

Your spell library contained the following spells:

 Spells                   Type           Power        Failure   Level  Hunger
 Iskenderun's Mystic Bla  Conj           ###.....     16%         4    ####...
 Force Lance              Conj/Tloc      ##......     43%         4    ####...
 Fulminant Prism          Conj/Hex       ##........   43%         4    ####...


Dungeon Overview and Level Annotations

Branches:
Dungeon (2/15)

Altars:


Message History

Confirm with . or Enter, or press ? or * to list all spells.
Aiming: Magic Dart (safe; 1% risk of failure)
Press: ? - help, Shift-Dir - straight line, f - goblin
Aim: a goblin (hasn't noticed you)
The magic dart hits the goblin!
You kill the goblin!
A centaur comes into view.
The centaur wields a cursed -2 shortbow.
The centaur shoots an arrow.
The arrow hits you!
Ouch! That really hurt!
Casting: Magic Dart (safe; 1% risk of failure)
Confirm with . or Enter, or press ? or * to list all spells.
Aiming: Magic Dart (safe; 1% risk of failure)
Press: ? - help, Shift-Dir - straight line, f - centaur
Aim: a centaur, wielding a -2 shortbow The magic dart hits the centaur.
The centaur is moderately wounded.
The centaur shoots an arrow.
The arrow hits you!
Ouch! That really hurt!
You die...

....####...###
...#......#.....
................
###..............
#................ #
#.............. #.##
#.............. .....
#.........)....
......###......@.!.....
.......<..............)
.................#.....
...........##..### ###c
.....###........# ....#
##...##..# ....
###.##... ... #...#...
## ##.


You could see a centaur.

Vanquished Creatures
  A worker ant (D:2)
  A dart slug (D:1)
  2 bats (D:1)
  6 goblins
  A hobgoblin (D:1)
  4 frilled lizards (D:1)
  3 rats (D:1)
18 creatures vanquished.

Notes
Turn   | Place    | Note
-------+----------+-------------------------------------------
     0 | D:1      | KamiKatze the Deep Elf Conjurer began the quest for the
                  | Orb.
     0 | D:1      | Reached XP level 1. HP: 10/10 MP: 6/6
   190 | D:1      | Reached XP level 2. HP: 16/16 MP: 5/8
   194 | D:1      | Learned a level 2 spell: Searing Ray
   506 | D:2      | Reached skill level 1 in Fighting
   506 | D:2      | Reached skill level 5 in Conjurations
   506 | D:2      | Reached XP level 3. HP: 20/20 MP: 2/10
   516 | D:2      | Learned a level 3 spell: Dazzling Spray
   527 | D:2      | Noticed a centaur
   528 | D:2      | Shot with an arrow by a centaur

Skill      XL: |  1  2 |
---------------+-------+-----
Fighting       | 1 |  1.1
Conjurations   | 5 |  5.1
Dodging        | |  2.4
Stealth        | |  2.4
Spellcasting   | |  3.6

Action                   || total
-------------------------++-------
Melee: Dagger            ||     1
 Cast: Magic Dart        ||    30
       Searing Ray       ||     1
 Stab: Sleeping          ||     1
